Map: Ulrena

Players

LilDicky - Winner!

  • Race: Terran Terran
  • League: Diamond

Mack

  • Race: Terran Terran
  • League: Gold

VOD

http://www.twitch.tv/tumescentpie

Description

Time

  • Played on: Dec. 12, 2015, 10:37 a.m.
  • Length: 5:38
Show
View Real Time Build Order
Export as new Build Order

LilDicky Terran - Winner!

Build Orders: Banshee Rush 

Get SALT Encoding   

  12  0:02  SCV  
  13  0:14  SCV  
  14  0:18  Supply Depot  
  14  0:26  SCV  
  15  0:40  Refinery  
  15  0:42  Barracks  
  15  0:44  SCV  
  16  0:58  SCV  
  17  1:10  SCV  
  18  1:22  SCV  
  19  1:28  Marine  
  19  1:32  Supply Depot  
  20  1:35  Orbital Command  
  20  1:40  Refinery  
  20  1:50  Marine  
  21  1:55  Factory  
  21  2:02  Supply Depot  
  21  2:03  SCV  
  22  2:10  Marine  
  22  2:15  SCV  
  23  2:27  SCV  
  24  2:30  Marine  
  25  2:41  SCV  
  25  2:42  Factory Tech Lab  
  25  2:43  Starport  
  26  2:51  Marine  
  26  2:53  SCV  
  28  3:05  SCV  
  29  3:17  SCV  
  30  3:24  Command Center  
  30  3:36  SCV  
  30  3:38  Banshee, Cloaking Field  
  30  3:39  Factory Tech Lab  
  34  3:44  Refinery  
  34  3:46  Marine  
  35  3:48  SCV  
  35  3:53  Supply Depot  
  36  4:00  SCV  
  37  4:03  Marine  
  38  4:13  SCV  
  38  4:14  Engineering Bay  
  39  4:21  Supply Depot  
  39  4:22  Banshee  
  39  4:23  Siege Tank  
  45  4:25  SCV  
  45  4:26  Marine  
  47  4:37  SCV  
  48  4:39  Orbital Command  
  48  4:49  SCV  
  49  4:53  Missile Turret  
  49  4:54  Supply Depot  
  49  5:01  SCV, Missile Turret  
  50  5:07  SCV, Missile Turret  
  50  5:08  Missile Turret  
  50  5:13  SCV  
Show
View Real Time Build Order
Export as new Build Order

Mack Terran 

Build Orders:  

Get SALT Encoding   

  12  0:01  SCV  
  13  0:13  SCV  
  14  0:19  Supply Depot  
  14  0:25  SCV  
  15  0:40  SCV  
  15  0:42  Barracks  
  16  0:47  Refinery  
  16  0:52  SCV  
  17  0:58  Refinery  
  17  1:04  SCV  
  18  1:18  SCV  
  19  1:30  Orbital Command  
  19  1:31  Marine  
  20  1:44  Factory  
  20  1:50  Barracks Tech Lab  
  20  1:56  SCV  
  21  2:08  SCV, Marine  
  21  2:10  Stimpack  
  23  2:26  Supply Depot  
  23  2:27  Factory Reactor  
  23  2:33  Starport  
  23  2:47  Marine  
  23  2:48  SCV  
  23  2:50  Barracks  
  25  2:54  Barracks  
  25  3:00  SCV  
  26  3:09  Marauder  
  26  3:12  SCV  
  29  3:19  Factory Tech Lab  
  29  3:20  Medivac  
  30  3:46  Supply Depot  
  30  4:01  Command Center, Supply Depot  
  30  4:02  Marine  
  31  4:08  Marauder, Medivac, Marine  
  36  4:14  SCV  
  37  4:24  Marine  
  37  4:26  SCV  
  39  4:36  Command Center  
  39  4:43  Siege Tank  
  36  4:53  SCV  
  33  5:05  SCV  
  26  5:30  Engineering Bay  
Tags
 
Add a new tag
Caveats
  • Supply blocks, unpowered buildings, or Contaminate may cause inaccurate times.
  • Supply counts are checked every 10 seconds.